 Dungeon Sprint DCSS version 0.24.0-37-gcf1ca852f1 (webtiles) character file.

Game seed: 12560113010155215900, levelgen mode: deterministic

625 Cryoshakespeare the Deadly Accurate (level 7, -3/66 HPs)
             Began as an Ogre Hunter on Nov 22, 2019.
             Was an Initiate of the Shining One.
             Slain by Sonja
             ... wielding a +2 dagger of distortion
              (6 damage)
             ... in the Dungeon (Sprint I: "Red Sonja").
             The game lasted 00:02:39 (929 turns).

Cryoshakespeare the Deadly Accurate (Ogre Hunter)    Turns: 929, Time: 00:02:40

Health: -3/66      AC:  3    Str: 19    XL:     7   Next: 47%
Magic:  7/7        EV: 10    Int: 12    God:    the Shining One [......]
Gold:   405        SH:  0    Dex:  9    Spells: 6/6 levels left

rFire    . . .     SeeInvis .   l - +0 giant club
rCold    . . .     Gourm    .   (shield currently unavailable)
rNeg     . . .     Faith    .   b - +0 robe
rPois    .         Spirit   .   (helmet restricted)
rElec    .         Reflect  .   (no cloak)
rCorr    .         Harm     .   (gloves unavailable)
MR       .....     NoTele   +   (boots unavailable)
Stlth    +.........             (no amulet)
HPRegen  0.21/turn              (no ring)
MPRegen  0.10/turn              (no ring)

@: slowed, glowing, very slow
A: large, unfitting armour, tough skin 1
a: Renounce Religion


You were in the Dungeon.
You worshipped the Shining One.
The Shining One was noncommittal.
You were not hungry.

You visited 1 branch You collected 405 gold pieces.

Inventory:

Hand Weapons
 l - a +0 giant club (weapon)
Missiles
 c - 2 large rocks (quivered)
 d - a throwing net
Armour
 b - a +0 robe (worn)
Scrolls
 k - a scroll of blinking
Potions
 h - a potion of haste
 i - 2 potions of magic
 j - a potion of might {unknown}
Comestibles
 f - a ration


   Skills:
 - Level 2.6 Fighting
 + Level 15.3 Throwing
 - Level 1.7 Dodging
 - Level 0.6 Stealth


You had 6 spell levels left.
You didn't know any spells.
Your spell library was empty.

Dungeon Overview and Level Annotations

Branches:
Dungeon (1/1)

Altars:
Cheibriados
Dithmenos
Elyvilon
Fedhas
Gozag
Hepliaklqana
Kikubaaqudgha
Makhleb
Nemelex Xobeh
Okawaru
Qazlal
Ru
Sif Muna
Trog
Uskayaw
Vehumet
Wu Jian
Xom
Yredelemnul
Zin
The Shining One
Jiyva
Lugonu

Shops:
D *

Annotations:
D Sonja


Innate Abilities, Weirdness & Mutations

You are too large for most types of armour.
You have tough skin. (AC +1)


Message History

Sonja hits you with a +2 dagger of distortion.
* * * LOW HITPOINT WARNING * * *
You feel a strange sense of stasis. Sonja completely misses you.
Sonja misses you.
Sonja hits you with a +2 dagger of distortion.
* * * LOW HITPOINT WARNING * * *
Space warps horribly around you!
* * * LOW HITPOINT WARNING * * *
Unknown command.
Press: ? - help, v - describe, . - travel
Here: Sonja, wielding a +2 dagger of distortion The floor.
Unknown command.
Okay, then.
Throwing (i - inventory. (/) - cycle)
c - 3 large rocks (quivered)
Press: ? - help, Shift-Dir - straight line, f/p - Sonja
Aim: Sonja, wielding a +2 dagger of distortion You throw a large rock.
The large rock misses Sonja.
Sonja hits you with a +2 dagger of distortion.
You die...

#<.#..)..#..'..#__#..+
#..'[.#..').#..'..'..#
#..#####'#####'#__####
#..####..#...#(####
#..#__####..##.#
#..#_____##'#_.+
#⌠⌠#_.∩...'÷(._#
####_..__##_(#'#
#_____###@#)# #######
#K### $.$ #$.$# ##(##
#+#


You could see Sonja.

Vanquished Creatures
  A slime creature (D)
  Sigmund (D)
  A yak (D)
  An ogre (D)
  A jelly (D)
  Ijyb (D)
6 creatures vanquished.

Vanquished Creatures (others)
  A hornet (D)
1 creature vanquished.

Grand Total: 7 creatures vanquished

Notes
Turn   | Place    | Note
-------+----------+-------------------------------------------
     0 | D        | Cryoshakespeare the Ogre Hunter began the quest for the
                  | Orb.
     0 | D        | Reached XP level 1. HP: 22/22 MP: 1/1
     2 | D        | Noticed Ijyb
    25 | D        | Killed Ijyb
    25 | D        | Reached skill level 7 in Throwing
    25 | D        | Reached XP level 2. HP: 18/29 MP: 2/2
    25 | D        | Reached XP level 3. HP: 23/36 MP: 3/3
   182 | D        | Noticed an ogre
   185 | D        | Killed an ogre
   185 | D        | Reached skill level 10 in Throwing
   185 | D        | Reached XP level 4. HP: 13/44 MP: 4/4
   416 | D        | Noticed Sigmund
   419 | D        | Killed Sigmund
   419 | D        | Reached skill level 12 in Throwing
   419 | D        | Reached XP level 5. HP: 50/50 MP: 5/5
   419 | D        | Reached XP level 6. HP: 59/59 MP: 6/6
   537 | D        | Found an ornate altar of the Wu Jian Council.
   537 | D        | Found a shimmering blue altar of Sif Muna.
   539 | D        | Reached skill level 13 in Throwing
   540 | D        | Found a radiant altar of Vehumet.
   547 | D        | Found Jimoh's Assorted Antiques.
   547 | D        | Found an ancient bone altar of Kikubaaqudgha.
   547 | D        | Found a hazy altar of Hepliaklqana.
   547 | D        | Found a stormy altar of Qazlal.
   547 | D        | Found a hide-covered altar of Uskayaw.
   547 | D        | Found a blossoming altar of Fedhas.
   547 | D        | Found a bloodstained altar of Trog.
   547 | D        | Found an iron altar of Okawaru.
   547 | D        | Found a basalt altar of Yredelemnul.
   547 | D        | Found a glowing golden altar of the Shining One.
   547 | D        | Found a snail-covered altar of Cheibriados.
   547 | D        | Found a sacrificial altar of Ru.
   547 | D        | Found a glowing silver altar of Zin.
   547 | D        | Found a shadowy altar of Dithmenos.
   547 | D        | Found a white marble altar of Elyvilon.
   547 | D        | Noticed a yak
   552 | D        | Killed a yak
   552 | D        | Reached skill level 14 in Throwing
   552 | D        | Reached XP level 7. HP: 47/66 MP: 7/7
   553 | D        | Found an opulent altar of Gozag.
   555 | D        | Found a sparkling altar of Nemelex Xobeh.
   641 | D        | Became a worshipper of the Shining One
   670 | D        | Found a viscous altar of Jiyva.
   670 | D        | Found a corrupted altar of Lugonu.
   670 | D        | Noticed a slime creature
   671 | D        | Found a burning altar of Makhleb.
   671 | D        | Found a shimmering altar of Xom.
   679 | D        | Killed a slime creature
   679 | D        | Reached skill level 15 in Throwing
   796 | D        | Killed a hornet
   923 | D        | Noticed Sonja
   928 | D        | HP: 3/66 [Sonja/+2 dagger of distortion (15)]
   929 | D        | Slain by Sonja

Levels and vault maps discovered:
D:        dungeon_sprint_1 [red_sonja_temple_1, red_sonja_temple_small_1]

Skill      XL: |  1  2  3  4  5  6  7 |
---------------+----------------------+-----
Throwing       | 7 10 12 14 15 | 15.3
Fighting       | |  2.6
Dodging        | |  1.7
Stealth        | |  0.6

Action                   |  1- 3 |  4- 6 |  7- 9 || total
-------------------------+-------+-------+-------++-------
Melee: Short sword       |    22 |       |       ||    22
       Giant club        |       |       |     2 ||     2
Throw: Large rock        |     2 |     9 |     7 ||    18
       Throwing net      |       |       |     1 ||     1
  Use: Potion            |     1 |       |     2 ||     3
Armor: Robe              |     2 |       |     4 ||     6
Dodge: Dodged            |     9 |     3 |     5 ||    17
